 Dungeon Crawl Stone Soup version 0.20.0-10-g0535bb4 (webtiles) character file.

314 MTVSty1e the Chopper (level 6, -1/38 HPs)
             Began as a Gargoyle Fighter on June 5, 2017.
             Killed by nerve-wracking pain
             ... invoked by Menkaure
              (2 damage)
             ... on level 5 of the Dungeon.
             The game lasted 00:09:30 (3986 turns).

MTVSty1e the Chopper (Gargoyle Fighter)             Turns: 3986, Time: 00:09:31

Health: -1/38      AC: 17    Str: 27    XL:     6   Next: 43%
Magic:  6/6        EV:  2    Int:  8    God:
Gold:   277        SH: 16    Dex:  9    Spells: 5/5 levels left

rFire    . . .     SeeInvis .   a - +0 war axe
rCold    . . .     Gourm    .   s - +1 large shield
rNeg     + . .     Faith    .   k - +0 plate armour
rPois    ∞         Spirit   .   q - +0 helmet
rElec    +         Reflect  .   (no cloak)
rCorr    .         Harm     .   (no gloves)
MR       .....                  (no boots)
Stlth    ..........             n - amulet of inaccuracy (curse)
Regen    0.2/turn               (no ring)
MPRegen  0.1/turn               (no ring)

@: mighty
A: negative energy resistance 1, electricity resistance, unbreathing,
petrification resistance, rot immunity, AC +4
a: no special abilities


You were on level 5 of the Dungeon.
You were not hungry.

You visited 2 branches of the dungeon, and saw 6 of its levels.

You collected 277 gold pieces.

Inventory:

Hand Weapons
 a - a +0 war axe (weapon)
Armour
 b - a +0 scale mail
 c - a +0 shield
 k - a +0 plate armour (worn)
 q - a +0 helmet (worn)
 s - a +1 large shield (worn)
Jewellery
 n - a cursed amulet of inaccuracy (around neck)
 u - a +2 amulet of reflection
Scrolls
 f - 2 scrolls of recharging
 h - a scroll of magic mapping
 j - 3 scrolls of teleportation
 m - 3 scrolls of fog
 w - 2 scrolls of enchant armour
Potions
 d - 3 potions of might
 i - 3 potions of flight {unknown}
 l - 3 potions of curing
 o - 2 potions of magic
 p - 2 potions of lignification {unknown}
 t - a potion of agility {unknown}
 v - a potion of mutation {unknown}
Books
 g - a book of Maledictions

   Spells                             Type                      Level
   a - Corona                         Hexes                        1
   b - Ensorcelled Hibernation        Hexes/Ice                    2
   c - Confuse                        Hexes                        3
   d - Tukima's Dance                 Hexes                        3
   e - Dazzling Spray                 Conjuration/Hexes            3
Comestibles
 r - 2 bread rations
 x - a royal jelly


   Skills:
 - Level 3.8 Fighting
 * Level 5.8 Axes
 - Level 3.2 Armour
 - Level 3.2 Shields


You had 5 spell levels left.
You didn't know any spells.

Dungeon Overview and Level Annotations

Branches:
Dungeon (5/15)             Temple (1/1) D:5

Altars:
Ashenzari
Cheibriados
Dithmenos
Elyvilon
Fedhas
Hepliaklqana
Kikubaaqudgha
Makhleb
Qazlal
Sif Muna
Uskayaw
Vehumet
Xom
Zin

Annotations:
D:2 Grinder
D:5 Menkaure


Innate Abilities, Weirdness & Mutations

You are resistant to torment.
Your stone body is resilient. (AC +4)
You are immune to poison.
You resist negative energy. (rN+)
You are resistant to electric shocks. (rElec)
You can survive without breathing.
You are immune to petrification.
You are immune to rotting.


Message History

Menkaure is lightly damaged.
Menkaure hits you but does no damage.
You feel very mighty all of a sudden. You block Menkaure's attack. x2
You closely miss Menkaure.
Menkaure is lightly damaged.
You block Menkaure's attack.
You slash Menkaure!
Menkaure is moderately damaged.
Menkaure hits you!
* * * LOW HITPOINT WARNING * * *
Menkaure hits you but does no damage. You block Menkaure's attack.
Menkaure gestures at you while chanting.
Pain shoots through your body!
* * * LOW HITPOINT WARNING * * *
There is an escape hatch in the floor here.
Menkaure points at you and mumbles some strange words.
Pain shoots through your body!
You die...

############## ##............#
### ##.....#######.# ##.####
#.......## #.# ##.#.>.#
..........####M###########.###..#
........#.......@.......<.## ##..
.#.....###..............##.###.##
##................####.###.#.##
##.#####.###.###.# #.####.## #.
#.# #.# #.# #.#....# #.##.#####.#
#.# #.####.#.##.# #.........###.#
#......#.##.## #.##...........#
#####..#.#...### #.###########
#.....#.#<#....


You could see Menkaure.

Vanquished Creatures
  A scorpion (D:4)
  2 centaur skeletons (D:4)
  A worker ant (D:4)
  A howler monkey zombie (D:5)
  6 adders
  2 oozes (D:1)
  An adder skeleton (D:4)
  4 worms
  5 leopard geckos
  7 orcs
  4 giant cockroaches
  14 goblins
  10 hobgoblins
  A quokka (D:2)
  2 ball pythons
  10 bats
  4 frilled lizards
  A jackal skeleton (D:4)
  5 kobolds
  9 rats
90 creatures vanquished.

Notes
Turn   | Place    | Note
-------+----------+-------------------------------------------
     0 | D:1      | MTVSty1e the Gargoyle Fighter began the quest for the Orb.
     0 | D:1      | Reached XP level 1. HP: 14/14 MP: 1/1
    62 | D:1      | Reached skill level 2 in Axes
   138 | D:1      | Reached XP level 2. HP: 19/19 MP: 2/2
   416 | D:1      | Reached XP level 3. HP: 23/23 MP: 3/3
   422 | D:1      | Reached skill level 3 in Axes
   684 | D:2      | Reached XP level 4. HP: 29/29 MP: 4/4
  1754 | D:3      | Noticed Grinder
  1958 | D:3      | Reached skill level 4 in Axes
  1984 | D:3      | Found a shadowy altar of Dithmenos.
  2569 | D:3      | Reached XP level 5. HP: 24/33 MP: 5/5
  3014 | D:4      | Reached skill level 5 in Axes
  3040 | D:4      | Reached XP level 6. HP: 37/38 MP: 6/6
  3489 | D:5      | Entered Level 5 of the Dungeon
  3666 | D:5      | Found a staircase to the Ecumenical Temple.
  3783 | Temple   | Entered the Ecumenical Temple
  3961 | D:5      | Noticed Menkaure
  3981 | D:5      | HP: 1/38 [Menkaure/nerve-wracking pain (6)]
  3986 | D:5      | Killed from afar by Menkaure

Skill      XL: |  1  2  3  4  5 |
---------------+----------------+-----
Axes           | 2 3 4 5 |  5.8
Fighting       | |  3.8
Armour         | |  3.2
Shields        | |  3.2

Action                   |  1- 3 |  4- 6 || total
-------------------------+-------+-------++-------
Melee: War axe           |   100 |   723 ||   823
  Use: Scroll            |     5 |     7 ||    12
       Potion            |       |     1 ||     1
  Eat: Fruit             |       |     4 ||     4
       Bread ration      |       |     1 ||     1
       Meat ration       |       |     1 ||     1
Armor: Scale mail        |    56 |   136 ||   192
       Plate armour      |       |   370 ||   370
Dodge: Dodged            |    36 |   104 ||   140
Block: Shield            |    71 |   136 ||   207
       Large shield      |       |   542 ||   542
